 Dungeon Crawl Stone Soup version 0.31.0-32-g396128a36d (webtiles) character file.

Game seed: 3902513794886550093

3361 James the Vexing (level 10, -3/76 HPs)
             Began as a Gnoll Hexslinger on Mar 22, 2024.
             Was a Follower of Fedhas.
             Slain by a two-headed ogre
             ... wielding a +0 giant club
              (8 damage)
             ... on level 8 of the Dungeon.
             The game lasted 00:32:34 (10812 turns).

James the Vexing (Gnoll Hexslinger)                Turns: 10812, Time: 00:32:35

Health: -3/76      AC: 12    Str:  9    XL:     10   Next: 3%
Magic:  11/18      EV: 15    Int: 20    God:    Fedhas [*.....]
Gold:   225        SH:  0    Dex: 16    Spells: 9/20 levels left

rFire   . . .        a - +1 sling (drain)
rCold   . . .        (no shield)
rNeg    . . .        g - +0 steam dragon scales
rPois   .            (no helmet)
rElec   .            (no cloak)
rCorr   .            (no gloves)
SInv    .            j - +1 pair of boots
Will    .....        (no amulet)
Stlth   +++          l - +4 ring of protection
HPRegen 0.32/turn    d - +6 ring of intelligence
MPRegen 0.16/turn

%: no passive effects
@: lethally poisoned (-3 -> -3)
A: fangs 1, strong nose, distributed training
a: Renounce Religion


You were on level 8 of the Dungeon.
You worshipped Fedhas.
Fedhas was aware of your devotion.
You visited 2 branches of the dungeon, and saw 9 of its levels.

You collected 390 gold pieces.
You spent 165 gold pieces at shops.

Inventory:

Hand Weapons
 a - a +1 sling of draining (weapon)
   (You took it off a goblin on level 3 of the Dungeon)
 b - a +3 dagger of venom
   (You found it on level 4 of the Dungeon)
 k - a +0 shortbow
   (You found it on level 7 of the Dungeon)
 C - a +5 morningstar
   (You took it off a wight on level 7 of the Dungeon)
 D - a +4 battleaxe
   (You took it off a wight on level 7 of the Dungeon)
 T - a +0 orcbow
   (You took it off a centaur on level 5 of the Dungeon)
 Y - a +3 long sword of freezing
   (You took it off a wight on level 6 of the Dungeon)
Missiles
 s - 13 poisoned darts
 J - 5 javelins
Armour
 c - a +0 robe
 g - +0 steam dragon scales (worn)
   (You found it on level 6 of the Dungeon)
 j - a +1 pair of boots (worn)
   (You found it on level 1 of the Dungeon)
 n - the +3 scale mail of Pelena {rElec}
   (You found it on level 7 of the Dungeon)

   rElec:     It insulates you from electricity.
 q - a +0 robe
   (You found it on level 2 of the Dungeon)
 A - a +0 scale mail
   (You found it on level 3 of the Dungeon)
 E - a +2 leather armour of poison resistance
   (You took it off Ijyb on level 3 of the Dungeon)
 H - a +0 robe
   (You took it off an orc wizard on level 2 of the Dungeon)
 I - a +0 chain mail
   (You found it on level 4 of the Dungeon)
 K - a +0 leather armour
   (You took it off an orc on level 3 of the Dungeon)
 L - a +0 leather armour
   (You found it on level 3 of the Dungeon)
 O - a +0 ring mail
   (You found it on level 4 of the Dungeon)
 V - a +0 robe
   (You took it off a wight on level 5 of the Dungeon)
 W - a +2 robe of willpower
   (You took it off a wight on level 6 of the Dungeon)
 X - a +0 robe
   (You took it off a wight on level 6 of the Dungeon)
 Z - a +0 robe
   (You took it off a wight on level 6 of the Dungeon)
Jewellery
 d - a +6 ring of intelligence (right hand)
   (You found it on level 5 of the Dungeon)
 i - a ring of protection from fire
   (You found it on level 3 of the Dungeon)
 l - a +4 ring of protection (left hand)
   (You found it on level 1 of the Dungeon)
 z - a ring of see invisible
   (You took it off an orc on level 3 of the Dungeon)
 P - a ring of wizardry
   (You found it on level 4 of the Dungeon)
 U - a +5 ring of evasion
   (You found it on level 5 of the Dungeon)
Wands
 u - a wand of paralysis (21)
   (You took it off a kobold on level 4 of the Dungeon)
 v - a wand of digging (8)
   (You found it on level 3 of the Dungeon)
 F - a wand of roots (11)
   (You took it off Ijyb on level 3 of the Dungeon)
Scrolls
 e - 5 scrolls of teleportation {@r4}
 f - 3 scrolls of fear
 h - 3 scrolls of summoning
 o - a scroll of vulnerability {!r}
 x - 3 scrolls of enchant weapon
 B - 2 scrolls of poison {!r}
 N - a scroll of noise {unknown}
 S - 2 scrolls of revelation {unknown}
Potions
 m - 2 potions of mutation {!q}
 p - 2 potions of resistance
 r - a potion of enlightenment
 t - 2 potions of curing {@q1}
 w - a potion of lignification {!q}
 y - a potion of haste {@q3}
 G - 3 potions of brilliance
 M - a potion of attraction {unknown}
 Q - a potion of ambrosia
 R - 2 potions of magic


   Skills:
 + Level 5.7 Fighting
 + Level 5.0 Short Blades
 + Level 5.0 Long Blades
 + Level 5.0 Axes
 + Level 5.0 Maces & Flails
 + Level 5.0 Polearms
 + Level 5.0 Staves
 + Level 6.9 Ranged Weapons
 + Level 5.0 Throwing
 + Level 5.0 Armour
 + Level 6.9 Dodging
 + Level 5.0 Stealth
 + Level 5.0 Shields
 + Level 5.0 Unarmed Combat
 + Level 5.8 Spellcasting
 + Level 4.1 Conjurations
 + Level 6.9 Hexes
 + Level 4.1 Summonings
 + Level 4.1 Necromancy
 + Level 4.1 Translocations
 + Level 4.7 Fire Magic
 + Level 4.1 Ice Magic
 + Level 4.1 Air Magic
 + Level 4.1 Earth Magic
 + Level 4.1 Alchemy
 + Level 5.5 Invocations
 + Level 5.0 Evocations
 + Level 4.5 Shapeshifting


You had 9 spell levels left.
You knew the following spells:

 Your Spells              Type           Power      Damage    Failure   Level
a - Jinxbite              Hex            66%        N/A       1%          2
b - Sigil of Binding      Hex            33%        N/A       1%          3
c - Blink                 Tloc           44%        N/A       3%          2
d - Dimensional Bullseye  Hex/Tloc       14%        N/A       11%         4

Your spell library contained the following spells:

 Spells                   Type           Power      Damage    Failure   Level
 Apportation              Tloc           44%        N/A       1%          1
 Necrotise                Necr           88%        1d8       1%          1
 Sandblast                Erth           44%        2d11      1%          1
 Shock                    Conj/Air       88%        1d8       1%          1
 Sting                    Conj/Alch      88%        1d8       1%          1
 Summon Small Mammal      Summ           88%        N/A       1%          1
 Lesser Beckoning         Tloc           44%        N/A       3%          2
 Mercury Vapours          Alch/Air       44%        N/A       3%          2
 Momentum Strike          Conj/Tloc      44%        3d9       3%          2
 Inner Flame              Hex/Fire       29%        N/A       3%          3
 Call Canine Familiar     Summ           22%        N/A       6%          3
 Swiftness                Air            22%        N/A       6%          3
 Cause Fear               Hex            16%        N/A       6%          4
 Summon Blazeheart Golem  Fire/Summ      23%        N/A       17%         4
 Airstrike                Air            11%        2d(2-18)  19%         4
 Animate Armour           Summ/Erth      44%        N/A       19%         4
 Summon Lightning Spire   Summ/Air       22%        N/A       19%         4
 Fireball                 Conj/Fire      11%        3d7       43%         5
 Irradiate                Conj/Alch      11%        3d15      47%         5
 Lee's Rapid Deconstruct  Erth           11%        3d8*      47%         5
 Orb of Destruction       Conj           11%        9d6       100%        7
 Spellforged Servitor     Conj/Summ      11%        N/A       100%        7
 Ignition                 Fire           12%        3d6       100%        8


Dungeon Overview and Level Annotations

Branches:
Dungeon (8/15)             Temple (1/1) D:6
   Lair: D:8-11

Altars:
Ashenzari
Cheibriados
Elyvilon
Fedhas
Gozag
Hepliaklqana
Kikubaaqudgha
Makhleb
Nemelex Xobeh
Okawaru
Qazlal
Ru
Sif Muna
Trog
Uskayaw
Vehumet
Wu Jian
Xom
Yredelemnul
Zin
The Shining One

Shops:
D:4 ?

Annotations:
D:5 1 exclusion, Dowan, Duvessa
D:6 1 exclusion


Innate Abilities, Weirdness & Mutations

You have very sharp teeth.
Your uncanny sense of smell can sniff out nearby items.
Your experience applies equally to all skills.


Message History

Unknown command.
Fire: a) +1 sling (drain)
Press: ? - help, Q - select action, (/) - cycle Shift-Dir - straight line, f/p - kobold brigand
Aim: a kobold brigand, wielding a +0 club, quivering poisoned darts and carrying a wand of roots (severely wounded, heavily drained, 58% to hit)
You shoot a sling bullet.
The sling bullet hits the kobold brigand.
You feel very sick. The grasping roots constrict you.
* * * LOW HITPOINT WARNING * * *
The grasping roots release their grip on you.
Unknown command.
Fire: a) +1 sling (drain)
Press: ? - help, Q - select action, (/) - cycle Shift-Dir - straight line, f/p - kobold brigand
Aim: a kobold brigand, wielding a +0 club, quivering poisoned darts and carrying a wand of roots (severely wounded, heavily drained, 58% to hit)
You shoot a sling bullet.
The sling bullet hits the kobold brigand.
You drain the kobold brigand.
You kill the kobold brigand!
Fedhas appreciates your contribution to the ecosystem.
You feel sick.
Unknown command.
Fire: a) +1 sling (drain)
Press: ? - help, Q - select action, (/) - cycle Shift-Dir - straight line, f - two-headed ogre
Aim: a two-headed ogre, wielding two +0 giant clubs (almost dead, lightly drained, 77% to hit)
You shoot a sling bullet.
The sling bullet hits the two-headed ogre but does no damage.
You feel sick.
The two-headed ogre completely misses you. x2
Unknown command.
Fire: a) +1 sling (drain)
Press: ? - help, Q - select action, (/) - cycle Shift-Dir - straight line, f/p - two-headed ogre
Aim: a two-headed ogre, wielding two +0 giant clubs (almost dead, lightly drained, 77% to hit)
You shoot a sling bullet.
The sling bullet hits the two-headed ogre.
You feel sick.
Fire: a) +1 sling (drain)
Press: ? - help, Q - select action, (/) - cycle Shift-Dir - straight line, f/p - two-headed ogre
Aim: a two-headed ogre, wielding two +0 giant clubs (almost dead, lightly drained, 77% to hit)
You shoot a sling bullet.
The sling bullet closely misses the two-headed ogre.
You feel sick.
The two-headed ogre closely misses you. x2
Fire: a) +1 sling (drain)
Press: ? - help, Q - select action, (/) - cycle Shift-Dir - straight line, f/p - two-headed ogre
Aim: a two-headed ogre, wielding two +0 giant clubs (almost dead, lightly drained, 77% to hit)
You shoot a sling bullet.
The sling bullet barely misses the two-headed ogre.
You feel sick. The two-headed ogre misses you.
The two-headed ogre hits you with a +0 giant club!
You die...
Fedhas appreciates your contribution to the ecosystem.

## #.##############
##.........O@...#
#...#.#.#.#.#.#.#
#####.O............#
#..##....⌠.....⌠...##
#..........._......^#
#.......⌠.....⌠....#
.##...)..............#
........#.#.#.#.#.#..#
......#..............#


You could see a two-headed ogre (drained).

Vanquished Creatures
  A two-headed ogre (D:6)
  Grinder (D:5)
  A steam dragon (D:6)
  3 water moccasins
  An orc warrior (D:6)
  3 ogres
  A centaur (D:5)
  A phantom (D:7)
  A kobold brigand (D:8)
  2 bullfrogs
  4 scorpions
  8 wights
  2 howler monkeys
  2 electric eels (D:6)
  A bombardier beetle (D:5)
  2 orc priests
  2 hounds
  3 jellies
  2 iguanas
  A sleepcap (D:3)
  Ijyb (D:3)
  3 orc wizards
  9 adders
  6 gnolls
  A shadow imp (D:5)
  5 ribbon worms
  2 dart slugs (D:2)
  13 orcs
  3 ball pythons
  3 bats
  11 endoplasms
  7 giant cockroaches
  11 goblins
  6 hobgoblins
  3 jackals
  11 kobolds
  A quokka (D:1)
  4 frilled lizards
  8 rats
150 creatures vanquished.

Vanquished Creatures (others)
  A hound (D:7)
  A sleepcap (D:7)
  2 orcs (D:7)
4 creatures vanquished.

Grand Total: 154 creatures vanquished

Notes
Turn   | Place    | Note
-------+----------+-------------------------------------------
     0 | D:1      | James the Gnoll Hexslinger began the quest for the Orb.
     0 | D:1      | Reached XP level 1. HP: 17/17 MP: 4/4
   113 | D:1      | Reached XP level 2. HP: 23/23 MP: 5/5
   117 | D:1      | Learned a level 2 spell: Jinxbite
   772 | D:2      | Reached XP level 3. HP: 25/28 MP: 7/7
   819 | D:1      | Learned a level 3 spell: Sigil of Binding
   966 | D:2      | Reached skill level 1 in Invocations
  1378 | D:2      | Reached skill level 1 in Short Blades
  1378 | D:2      | Reached skill level 1 in Long Blades
  1378 | D:2      | Reached skill level 1 in Axes
  1378 | D:2      | Reached skill level 1 in Maces & Flails
  1378 | D:2      | Reached skill level 1 in Polearms
  1378 | D:2      | Reached skill level 1 in Staves
  1378 | D:2      | Reached skill level 1 in Throwing
  1378 | D:2      | Reached skill level 1 in Armour
  1378 | D:2      | Reached skill level 1 in Stealth
  1378 | D:2      | Reached skill level 1 in Shields
  1378 | D:2      | Reached skill level 1 in Unarmed Combat
  1378 | D:2      | Reached skill level 1 in Evocations
  1531 | D:2      | Reached skill level 1 in Shapeshifting
  1531 | D:2      | Reached XP level 4. HP: 34/34 MP: 8/8
  2226 | D:3      | Reached skill level 1 in Conjurations
  2226 | D:3      | Reached skill level 1 in Summonings
  2226 | D:3      | Reached skill level 1 in Necromancy
  2226 | D:3      | Reached skill level 1 in Translocations
  2226 | D:3      | Reached skill level 1 in Ice Magic
  2226 | D:3      | Reached skill level 1 in Air Magic
  2226 | D:3      | Reached skill level 1 in Earth Magic
  2226 | D:3      | Reached skill level 1 in Alchemy
  2570 | D:3      | Found a sparkling altar of Nemelex Xobeh.
  2579 | D:3      | Found a bloodstained altar of Trog.
  2579 | D:3      | Found an ornate altar of the Wu Jian Council.
  2580 | D:3      | Found a shimmering altar of Xom.
  2741 | D:3      | Reached XP level 5. HP: 40/40 MP: 9/9
  2948 | D:3      | Noticed Ijyb
  3171 | D:3      | Killed Ijyb
  3220 | D:3      | Got Vehumet's Discursus on the Synthesized Impact
  3401 | D:2      | HP: 2/41 [orc/+0 club (4)]
  3690 | D:2      | Reached XP level 6. HP: 9/47 MP: 11/11
  3913 | D:3      | Reached skill level 5 in Ranged Weapons
  3913 | D:3      | Reached skill level 5 in Dodging
  4439 | D:4      | Found Seliamai's Magic Scroll Boutique.
  4810 | D:4      | Bought a scroll of summoning for 95 gold pieces
  4810 | D:4      | Bought a scroll of fear for 40 gold pieces
  4810 | D:4      | Bought a scroll of teleportation for 30 gold pieces
  4826 | D:5      | Entered Level 5 of the Dungeon
  4828 | D:5      | Noticed a water moccasin
  5039 | D:5      | Noticed a water moccasin
  5060 | D:4      | Killed a water moccasin
  5061 | D:4      | Reached XP level 7. HP: 44/52 MP: 12/12
  5559 | D:5      | Noticed Duvessa
  5559 | D:5      | Noticed Dowan
  5620 | D:5      | Noticed Grinder
  5824 | D:5      | Reached XP level 8. HP: 34/60 MP: 14/14
  6113 | D:5      | Paralysed by Grinder for 5 turns
  6132 | D:5      | Killed Grinder
  6685 | D:6      | Noticed a two-headed ogre
  6881 | D:5      | Learned a level 2 spell: Blink
  6886 | D:5      | Learned a level 4 spell: Dimensional Bullseye
  7964 | D:6      | Found a shimmering blue altar of Sif Muna.
  7995 | D:6      | Found a staircase to the Ecumenical Temple.
  8009 | Temple   | Entered the Ecumenical Temple
  8066 | Temple   | Became a worshipper of Fedhas Madash
  8146 | D:6      | Reached XP level 9. HP: 66/66 MP: 16/16
  8248 | D:6      | Reached skill level 5 in Spellcasting
  8603 | D:6      | Reached skill level 5 in Fighting
  8705 | D:6      | Found a staircase to the Ecumenical Temple.
  8839 | D:6      | Found a shimmering blue altar of Sif Muna.
  8886 | D:6      | Killed a two-headed ogre
  8887 | D:6      | Reached skill level 5 in Invocations
  9941 | D:7      | Identified the +3 scale mail of Pelena {rElec}
 10215 | D:7      | Got the Compendium of the Pneumatic Geologist
 10252 | D:7      | Reached * piety under Fedhas
 10701 | D:8      | Found a white marble altar of Elyvilon.
 10715 | D:8      | Reached skill level 5 in Short Blades
 10715 | D:8      | Reached skill level 5 in Long Blades
 10715 | D:8      | Reached skill level 5 in Axes
 10715 | D:8      | Reached skill level 5 in Maces & Flails
 10715 | D:8      | Reached skill level 5 in Polearms
 10715 | D:8      | Reached skill level 5 in Staves
 10715 | D:8      | Reached skill level 5 in Throwing
 10715 | D:8      | Reached skill level 5 in Armour
 10715 | D:8      | Reached skill level 5 in Stealth
 10715 | D:8      | Reached skill level 5 in Shields
 10715 | D:8      | Reached skill level 5 in Unarmed Combat
 10715 | D:8      | Reached skill level 5 in Evocations
 10715 | D:8      | Reached XP level 10. HP: 61/76 MP: 14/18
 10779 | D:8      | Noticed a two-headed ogre
 10812 | D:8      | Slain by a two-headed ogre

Illustrated notes

Levels and vault maps discovered:
D:1:      spicycebolla_arrival_ecumenical, layout_basic, minmay_misc_feat_tiny,
          minmay_worlds_worst_comb
D:2:      mumra_celtic_spiral_tile, layout_basic, kennysheep_potato
D:3:      kennysheep_the_goblin_king, layout_basic, grunt_temple_overflow_open,
          moated_statue
D:4:      layout_rooms, serial_shops, nicolae_shop_rolling_square,
          interstate_on_off, st_stairs_3
D:5:      layout_rooms, serial_co_window_serial, co_window_of_opportunity_a,
          co_window_paths_a, co_window_paths_a, co_window_paths_b,
          co_window_paths_a, co_window_of_opportunity_a, co_window_paths_b,
          co_window_of_opportunity_a, co_window_paths_a, co_window_corner_b,
          co_window_2corner, co_window_broadway_c, co_window_of_opportunity_c,
          co_window_corner_b, co_window_4corner_b, glass_columns_b,
          glass_columns_a, glass_columns_a, glass_columns_a,
          lemuel_flame_loot_1, uniq_duvessa, uniq_grinder
D:6:      layout_loops_ring, mainiacjoe_overflow_24_doors,
          minmay_temple_entry_waves, water_maze_lemuel
D:7:      layout_cave_pools
D:8:      layout_cave_pools, elyvilon_altar_5, minivault_19, kennysheep_nub
Temple:   bh_familiar_temple

Skill      XL: |  1  2  3  4  5  6  7  8  9 |
---------------+----------------------------+-----
Fire Magic     | 2 3 4 |  4.7
Invocations    | 1 2 3 4 5 |  5.5
Short Blades   | 1 2 3 5 |  5.0
Long Blades    | 1 2 3 5 |  5.0
Axes           | 1 2 3 5 |  5.0
Maces & Flails | 1 2 3 5 |  5.0
Polearms       | 1 2 3 5 |  5.0
Staves         | 1 2 3 5 |  5.0
Throwing       | 1 2 3 5 |  5.0
Armour         | 1 2 3 5 |  5.0
Stealth        | 1 2 3 5 |  5.0
Shields        | 1 2 3 5 |  5.0
Unarmed Combat | 1 2 3 5 |  5.0
Evocations     | 1 2 3 5 |  5.0
Shapeshifting  | 1 2 3 4 |  4.5
Spellcasting   | 3 4 5 |  5.8
Conjurations   | 1 2 3 4 |  4.1
Summonings     | 1 2 3 4 |  4.1
Necromancy     | 1 2 3 4 |  4.1
Translocations | 1 2 3 4 |  4.1
Ice Magic      | 1 2 3 4 |  4.1
Air Magic      | 1 2 3 4 |  4.1
Earth Magic    | 1 2 3 4 |  4.1
Alchemy        | 1 2 3 4 |  4.1
Fighting       | 3 4 5 |  5.7
Ranged Weapons | 5 6 |  6.9
Dodging        | 5 6 |  6.9
Hexes          | 6 |  6.9

Action                     |  1- 3 |  4- 6 |  7- 9 | 10-12 || total
---------------------------+-------+-------+-------+-------++-------
  Melee: Dagger            |     4 |     7 |     9 |       ||    20
         Bite              |       |       |     1 |       ||     1
   Fire: Sling             |   150 |   240 |   415 |    27 ||   832
   Cast: Dimensional Bulls |       |       |    15 |     2 ||    17
         Blink             |       |       |    11 |     2 ||    13
         Sigil of Binding  |       |       |     4 |       ||     4
  Evoke: Wand              |       |       |     1 |       ||     1
    Use: Potion            |       |     1 |       |     1 ||     2
         Scroll            |       |    11 |     3 |       ||    14
 Armour: Robe              |    40 |    48 |       |       ||    88
         Leather armour    |       |    56 |    29 |       ||    85
         Steam dragon scal |       |       |   119 |     7 ||   126
  Dodge: Dodged            |    43 |   130 |   161 |    16 ||   350
